 Dungeon Crawl Stone Soup version 0.29-a0-1065-g47a6bb87d6 (webtiles) character file.

Game seed: 18261763380842931979

296 nickcage the Basher (level 6, -2/50 HPs)
             Began as a Minotaur Gladiator on Aug 18, 2022.
             Slain by a wight
             ... wielding a +0 short sword
              (5 damage)
             ... on level 4 of the Dungeon.
             The game lasted 00:06:10 (3406 turns).

nickcage the Basher (Minotaur Gladiator)            Turns: 3406, Time: 00:06:10

Health: -2/50      AC: 11    Str: 21    XL:     6   Next: 12%
Magic:  5/5        EV: 10    Int:  5    God:
Gold:   172        SH:  0    Dex: 11    Spells: 5/5 levels left

rFire   . . .      SeeInvis .   B - +4 morningstar
rCold   . . .      Faith    .   (no shield)
rNeg    . . .      Spirit   .   f - +0 scale mail
rPois   .          Reflect  .   c - +0 hat
rElec   .          Harm     .   (no cloak)
rCorr   .          Rampage  .   r - +0 pair of gloves
Will    +....                   (no boots)
Stlth   ..........              (no amulet)
HPRegen 0.16/turn               q - ring of willpower
MPRegen 0.09/turn               s - +4 ring of protection

@: no status effects
A: horns 2, retaliatory headbutt
a: no special abilities


You were on level 4 of the Dungeon.
You visited 1 branch of the dungeon, and saw 4 of its levels.

You collected 172 gold pieces.

Inventory:

Hand Weapons
 a - a +0 flail
 n - a +1 flail of protection
 B - a +4 morningstar (weapon)
Missiles
 d - 5 throwing nets
 e - 5 javelins
 j - 6 boomerangs (quivered)
Armour
 b - a +0 leather armour
 c - a +0 hat (worn)
 f - a +0 scale mail (worn)
 r - a +0 pair of gloves (worn)
Jewellery
 k - a ring of ice
 q - a ring of willpower (left hand)
 s - a +4 ring of protection (right hand)
 y - a +4 ring of protection
Scrolls
 i - a scroll of magic mapping {unknown}
 l - 2 scrolls of identify {unknown}
 m - 3 scrolls of teleportation {unknown}
 o - a scroll of noise {unknown}
 t - a scroll of blinking {unknown}
 v - a scroll of enchant weapon {unknown}
 w - a scroll of poison {unknown}
 x - a scroll of vulnerability {unknown}
Potions
 g - 2 potions of heal wounds {unknown}
 h - 2 potions of ambrosia {unknown}
 p - 5 potions of curing {unknown}
 u - a potion of degeneration {unknown}
 z - a potion of cancellation {unknown}
 A - a potion of invisibility {unknown}


   Skills:
 - Level 2.4 Fighting
 + Level 8.3 Maces & Flails
 - Level 2.0 Throwing
 - Level 3.2 Dodging


You had 5 spell levels left.
You didn't know any spells.
Your spell library was empty.

Dungeon Overview and Level Annotations

Branches:
Dungeon (4/15)
 Temple: D:4-7

Altars:
Yredelemnul
Zin

Shops:
D:3 *


Innate Abilities, Weirdness & Mutations

You have a pair of horns on your head.
You reflexively headbutt those who attack you in melee.


Message History

You are too injured to fight recklessly!
You sock the wight!
You destroy the wight!
Your Maces & Flails skill increases to level 8!
A wight comes into view. It is wielding a +0 war axe.
Things that are here:
a +4 morningstar; a +0 robe
B - a +4 morningstar Your +1 flail of protection goes still.
B - a +4 morningstar (weapon)
A wight comes into view. It is wielding a +0 short sword.
The wight hits you but does no damage.
You closely miss the wight. You headbutt the wight.
The wight is moderately damaged.
The wight hits you with a +0 war axe.
* * * LOW HITPOINT WARNING * * *
You closely miss the wight.
The wight is moderately damaged.
The wight barely misses you.
You hit the wight but do no damage. Your headbutt misses the wight.
The wight is moderately damaged.
The wight completely misses you.
You thump the wight!
The wight is almost destroyed.
The wight hits you with a +0 war axe.
* * * LOW HITPOINT WARNING * * *
You closely miss the wight.
The wight is almost destroyed.
The wight barely misses you. You furiously retaliate!
You headbutt the wight.
You destroy the wight!
Your life force feels restored.
You have reached level 6!
You barely miss the wight.
A wight comes into view. It is wielding a +3 falchion.
The wight hits you with a +0 short sword.
* * * LOW HITPOINT WARNING * * *
You hit the wight. You headbutt the wight!
The wight is severely damaged.
The wight hits you with a +0 short sword.
You die...

## ..# .. ..# ##
#..# ... ##.. #z.
#z# #@# #[# #.. #.
#.# #..#####..##
##.#####...#.#...#.
#......#...........
#..###.#...........
#..###.##....# #..
#..#.....#...# #..
#..#.#.......####..


You could see 2 wights.

Vanquished Creatures
  2 wights (D:4)
  An orc wizard (D:4)
  5 gnolls
  2 adders (D:2)
  A worm (D:2)
  2 dart slugs (D:1)
  12 orcs
  5 ball pythons
  16 endoplasms
  A giant cockroach (D:3)
  4 goblins
  4 hobgoblins
  3 jackals (D:3)
  4 quokkas
  A bat (D:2)
  5 frilled lizards
  7 kobolds
  4 rats
79 creatures vanquished.

Notes
Turn   | Place    | Note
-------+----------+-------------------------------------------
     0 | D:1      | nickcage the Minotaur Gladiator began the quest for the
                  | Orb.
     0 | D:1      | Reached XP level 1. HP: 18/18 MP: 0/0
   267 | D:1      | Reached skill level 4 in Maces & Flails
   374 | D:1      | Reached XP level 2. HP: 25/25 MP: 1/1
   562 | D:1      | Reached skill level 5 in Maces & Flails
   894 | D:1      | Reached XP level 3. HP: 26/30 MP: 2/2
  1289 | D:2      | Reached skill level 6 in Maces & Flails
  1289 | D:2      | Reached XP level 4. HP: 27/37 MP: 3/3
  1745 | D:2      | Found a faded altar of an unknown god.
  2685 | D:3      | Found Itwyres's General Store.
  2790 | D:3      | Reached XP level 5. HP: 41/42 MP: 4/4
  3006 | D:4      | Found a basalt altar of Yredelemnul.
  3015 | D:4      | Reached skill level 7 in Maces & Flails
  3071 | D:4      | Found a glowing silver altar of Zin.
  3396 | D:4      | Reached skill level 8 in Maces & Flails
  3405 | D:4      | Reached XP level 6. HP: 7/50 MP: 5/5
  3406 | D:4      | Slain by a wight

Illustrated notes

Levels and vault maps discovered:
D:1:      dpeg_arrival_circle_labyrinth_a, layout_loops_ring,
          minmay_pentomino_w2
D:2:      layout_basic, hellmonk_ecumenical_altar_slurped_away
D:3:      layout_basic, serial_shops, shop
D:4:      layout_loops_cross, kennysheep_mini_moat, zin_scriptorium,
          serial_glass, glass_columns_a, glass_columns_c,
          hangedman_decor_growths

Skill      XL: |  1  2  3  4  5 |
---------------+----------------+-----
Maces & Flails | 4 5 6 8 |  8.3
Fighting       | |  2.4
Throwing       | |  2.0
Dodging        | |  3.2

Action                   |  1- 3 |  4- 6 || total
-------------------------+-------+-------++-------
Melee: Flail             |    57 |   100 ||   157
       Headbutt          |     7 |     9 ||    16
       Morningstar       |       |     7 ||     7
Throw: Boomerang         |     5 |    25 ||    30
Armor: Scale mail        |    13 |    39 ||    52
Dodge: Dodged            |    25 |    43 ||    68

Table legend: (Time is in decaauts)
 A = Elapsed time spent in this place.
 B = Non-inter-level travel time spent in this place.
 C = Inter-level travel time spent in this place.
 D = Time resting spent in this place.
 E = Time spent auto-exploring this place.
 F = Levels seen in this place.
 G = Mean time per level.
                   A        B        C        D        E       F      G
               +--------+--------+--------+--------+--------+-----+--------+
         Total |   3424 |   3353 |     71 |    235 |   2662 |   4 |  856.0 |
       Dungeon |   3424 |   3353 |     71 |    235 |   2662 |   4 |  856.0 |
               +--------+--------+--------+--------+--------+-----+--------+

Top non-repeatable levels by time:
     D:1: 1194 daAuts
     D:2: 1068 daAuts
     D:3: 680 daAuts
     D:4: 480 daAuts
